 Dungeon Crawl Stone Soup version 0.27.1-33-g824d729ab1 (webtiles) character file.

Game seed: 16686617196890360644

270 jombi the Grasshopper (level 6, -1/50 HPs)
             Began as a Gnoll Warper on Dec 14, 2021.
             Was a Plaything of Xom.
             Constricted to death by Natasha the naga (5 damage)
             ... on level 2 of the Dungeon.
             The game lasted 00:05:59 (3086 turns).

jombi the Grasshopper (Gnoll Warper)                Turns: 3086, Time: 00:06:00

Health: -1/50      AC:  3    Str: 10    XL:     6   Next: 22%
Magic:  14/14      EV: 10    Int: 14    God:    Xom [.*....]
Gold:   47         SH:  0    Dex: 12    Spells: 10/15 levels left

rFire    . . .     SeeInvis .   a - +0 hand axe
rCold    . . .     Faith    .   (no shield)
rNeg     . . .     Spirit   .   b - +0 leather armour
rPois    .         Reflect  .   (no helmet)
rElec    .         Harm     .   (no cloak)
rCorr    .         Rampage  .   (no gloves)
Will     .....                  (no boots)
Stlth    ++........             (no amulet)
HPRegen  0.16/turn              (no ring)
MPRegen  0.14/turn              (no ring)

@: constricted
A: fangs 1, strong nose, distributed training, talons 1, wild magic 1
a: Renounce Religion


You were on level 2 of the Dungeon.
You worshipped Xom.
You were a plaything of Xom.
You visited 1 branch of the dungeon, and saw 2 of its levels.

You collected 47 gold pieces.

Inventory:

Hand Weapons
 a - a +0 hand axe (weapon)
Missiles
 d - a boomerang of dispersal
 m - 3 poisoned darts (quivered)
Armour
 b - a +0 leather armour (worn)
Magical Staves
 k - a staff of cold
Scrolls
 c - 2 scrolls of blinking
 e - a scroll of vulnerability {unknown}
 f - a scroll of magic mapping {unknown}
 g - a scroll of summoning {unknown}
 h - 2 scrolls of identify {unknown}
Potions
 i - a potion of resistance {unknown}
 j - a potion of haste {unknown}
 l - a potion of mutation


   Skills:
 + Level 4.9 Fighting
 + Level 1.8 Short Blades
 + Level 1.8 Long Blades
 + Level 4.9 Axes
 + Level 1.8 Maces & Flails
 + Level 1.8 Polearms
 + Level 1.8 Staves
 + Level 1.8 Slings
 + Level 1.8 Bows
 + Level 1.8 Crossbows
 + Level 3.2 Throwing
 + Level 3.2 Armour
 + Level 4.9 Dodging
 + Level 1.8 Stealth
 + Level 1.8 Shields
 + Level 1.8 Unarmed Combat
 + Level 5.3 Spellcasting
 + Level 1.4 Conjurations
 + Level 1.4 Hexes
 + Level 1.4 Summonings
 + Level 1.4 Necromancy
 + Level 5.6 Translocations
 + Level 1.4 Transmutations
 + Level 1.4 Fire Magic
 + Level 1.4 Ice Magic
 + Level 1.4 Air Magic
 + Level 1.4 Earth Magic
 + Level 1.4 Poison Magic
 + Level 2.0 Invocations
 + Level 1.8 Evocations


You had 10 spell levels left.
You knew the following spells:

 Your Spells              Type           Power      Damage    Failure   Level
a - Blink                 Tloc           N/A        N/A       5%          2
b - Gell's Gravitas       Tloc           12%        N/A       11%         3

Your spell library contained the following spells:

 Spells                   Type           Power      Damage    Failure   Level
 Lesser Beckoning         Tloc           12%        N/A       11%         3
 Teleport Other           Tloc           25%        N/A       11%         3
 Manifold Assault         Tloc           25%        N/A       61%         5


Dungeon Overview and Level Annotations

Branches:
Dungeon (2/15)

Altars:
Nemelex Xobeh
Xom

Annotations:
D:2 1 runed translucent door, Crazy Yiuf, Natasha


Innate Abilities, Weirdness & Mutations

You have very sharp teeth.
Your uncanny sense of smell can sniff out nearby items.
Your experience applies equally to all skills.
You have sharp toenails.
Your spells are a little harder to cast, but a little more powerful.


Message History

You hit Natasha but do no damage. Your kick misses Natasha.
Your bite misses Natasha.
Natasha is moderately wounded.
Natasha claws you.
You barely miss Natasha.
Natasha is moderately wounded. "Hum-dee-hum-dee-hum..."
Natasha evaporates and reforms as a naga!
Natasha picks up a coppery potion.
You barely miss Natasha. Natasha hits you but does no damage.
Natasha grabs you. Natasha constricts you.
You hit Natasha but do no damage.
Natasha mumbles some strange words.
Natasha's hands start to glow.
Natasha barely misses you. Natasha constricts you.
You closely miss Natasha. Natasha hits you! Natasha constricts you.
You are too injured to fight recklessly!
You are too injured to fight recklessly!
You are too injured to fight recklessly!
You are too injured to fight recklessly!
You are too injured to fight recklessly!
You are too injured to fight recklessly!
You are too injured to fight recklessly!
You are too injured to fight recklessly!
You are too injured to fight recklessly!
You are too injured to fight recklessly!
You are too injured to fight recklessly!
You are too injured to fight recklessly!
You are too injured to fight recklessly!
You are too injured to fight recklessly!
You are too injured to fight recklessly!
You are too injured to fight recklessly!
You are too injured to fight recklessly!
Unknown command.
Natasha's grasp on you weakens, but your attempt to escape fails.
Natasha hits you!
* * * LOW HITPOINT WARNING * * *
Natasha constricts you.
You die...
Xom howls with laughter!

.......#.#........>.........†....
.........####..##...##.....####..
(...........#).##.#....########..
..........#......................
..........####..............###..
............................. #..
....<......###.#............# #..
####.#.....###...N..........# #..
#............@#.########## ###
#..#......#......#
####...##....##...# #...##....#
...# ######...## ..# #...# ..#
##### .# ##


You could see Natasha the naga.

Vanquished Creatures
  Sigmund (D:2)
  Natasha (twice) (D:2)
  A gnoll (D:1)
  An adder (D:1)
  A dart slug (D:1)
  8 bats
  3 endoplasms
  A giant cockroach (D:2)
  3 goblins (D:1)
  5 hobgoblins (D:1)
  3 jackals (D:1)
  A quokka (D:2)
  2 ball pythons (D:1)
  2 frilled lizards (D:1)
  3 kobolds
  4 rats (D:1)
41 creatures vanquished.

Notes
Turn   | Place    | Note
-------+----------+-------------------------------------------
     0 | D:1      | jombi the Gnoll Warper began the quest for the Orb.
     0 | D:1      | Reached XP level 1. HP: 20/20 MP: 6/6
    71 | D:1      | Reached XP level 2. HP: 5/26 MP: 7/7
   808 | D:1      | Reached XP level 3. HP: 30/31 MP: 9/9
   829 | D:1      | Reached skill level 5 in Spellcasting
  1226 | D:1      | Found a faded altar of an unknown god.
  1294 | D:1      | Reached skill level 1 in Invocations
  2003 | D:1      | Became a worshipper of Xom of Chaos
  2052 | D:2      | XOM: silly message
  2068 | D:1      | Reached skill level 1 in Short Blades
  2068 | D:1      | Reached skill level 1 in Long Blades
  2068 | D:1      | Reached skill level 1 in Maces & Flails
  2068 | D:1      | Reached skill level 1 in Polearms
  2068 | D:1      | Reached skill level 1 in Staves
  2068 | D:1      | Reached skill level 1 in Slings
  2068 | D:1      | Reached skill level 1 in Bows
  2068 | D:1      | Reached skill level 1 in Crossbows
  2068 | D:1      | Reached skill level 1 in Stealth
  2068 | D:1      | Reached skill level 1 in Shields
  2068 | D:1      | Reached skill level 1 in Unarmed Combat
  2068 | D:1      | Reached skill level 1 in Evocations
  2363 | D:2      | Learned a level 2 spell: Blink
  2367 | D:2      | Learned a level 3 spell: Gell's Gravitas
  2383 | D:2      | Reached XP level 4. HP: 35/38 MP: 11/11
  2407 | D:2      | Noticed Sigmund
  2428 | D:2      | XOM: butterfly on damage
  2431 | D:2      | Gained mutation: You are dopey. (Int -2) [potion of
                  | mutation]
  2431 | D:2      | Lost mutation: You are dopey. (Int -2) [potion of mutation]
  2431 | D:2      | Gained mutation: Your spells are a little harder to cast,
                  | but a little more powerful. [potion of mutation]
  2431 | D:2      | Gained mutation: You have sharp toenails. [potion of
                  | mutation]
  2468 | D:2      | Killed Sigmund
  2469 | D:2      | Reached skill level 1 in Conjurations
  2469 | D:2      | Reached skill level 1 in Hexes
  2469 | D:2      | Reached skill level 1 in Summonings
  2469 | D:2      | Reached skill level 1 in Necromancy
  2469 | D:2      | Reached skill level 1 in Transmutations
  2469 | D:2      | Reached skill level 1 in Fire Magic
  2469 | D:2      | Reached skill level 1 in Ice Magic
  2469 | D:2      | Reached skill level 1 in Air Magic
  2469 | D:2      | Reached skill level 1 in Earth Magic
  2469 | D:2      | Reached skill level 1 in Poison Magic
  2469 | D:2      | Reached XP level 5. HP: 39/43 MP: 12/12
  2613 | D:2      | Noticed Natasha
  2625 | D:2      | XOM: blink monster(s)
  2631 | D:2      | XOM: silly message
  2634 | D:2      | Killed Natasha
  2635 | D:2      | Reached XP level 6. HP: 30/50 MP: 13/13
  2819 | D:2      | Found a runed translucent door.
  2820 | D:2      | Noticed Crazy Yiuf
  2898 | D:2      | Noticed Natasha
  2898 | D:2      | XOM: enchant monster (good)
  2909 | D:2      | Found a sparkling altar of Nemelex Xobeh.
  2937 | D:2      | Killed Natasha
  3071 | D:2      | Noticed Natasha
  3082 | D:2      | Noticed Natasha
  3082 | D:2      | Natasha changed into Natasha the naga
  3082 | D:2      | XOM: polymorph Natasha -> Natasha the naga
  3086 | D:2      | Constricted to death by Natasha the naga

Illustrated notes

Levels and vault maps discovered:
D:1:      zelgadis_glass_arrival_small, layout_loops_corners,
          hellmonk_ecumenical_altar_leap_of_faith, st_stairs_8,
          minmay_misc_feat_more_columns
D:2:      layout_rooms, basic_altar, uniq_natasha, uniq_sigmund,
          uniq_crazy_yiuf_cottage

Skill      XL: |  1  2  3  4  5 |
---------------+----------------+-----
Spellcasting   | 5 |  5.3
Invocations    | 1 2 |  2.0
Short Blades   | 1 |  1.8
Long Blades    | 1 |  1.8
Maces & Flails | 1 |  1.8
Polearms       | 1 |  1.8
Staves         | 1 |  1.8
Slings         | 1 |  1.8
Bows           | 1 |  1.8
Crossbows      | 1 |  1.8
Stealth        | 1 |  1.8
Shields        | 1 |  1.8
Unarmed Combat | 1 |  1.8
Evocations     | 1 |  1.8
Throwing       | 3 |  3.2
Armour         | 3 |  3.2
Conjurations   | 1 |  1.4
Hexes          | 1 |  1.4
Summonings     | 1 |  1.4
Necromancy     | 1 |  1.4
Transmutations | 1 |  1.4
Fire Magic     | 1 |  1.4
Ice Magic      | 1 |  1.4
Air Magic      | 1 |  1.4
Earth Magic    | 1 |  1.4
Poison Magic   | 1 |  1.4
Fighting       | |  4.9
Axes           | |  4.9
Dodging        | |  4.9
Translocations | |  5.6

Action                   |  1- 3 |  4- 6 || total
-------------------------+-------+-------++-------
Melee: Hand axe          |   134 |    27 ||   161
       Bite              |    12 |     1 ||    13
       Kick              |       |     7 ||     7
Throw: Boomerang         |     1 |     3 ||     4
       Dart              |       |     4 ||     4
  Use: Potion            |       |     4 ||     4
 Stab: Sleeping          |     2 |       ||     2
Armor: Leather armour    |    44 |     4 ||    48
       Skin              |       |    14 ||    14
Dodge: Dodged            |   102 |    20 ||   122
